 Dungeon Crawl Stone Soup version 0.28-a0-94-g325244837d (webtiles) character file.

Game seed: 11606807802372655606

70 Leeroy the Slasher (level 4, 0/36 HPs)
             Began as a Draconian Warper on Aug 7, 2021.
             Was a Follower of Ashenzari.
             Slain by a goblin (3 damage)
             ... led by Robin
             ... on level 2 of the Dungeon.
             The game lasted 00:02:54 (1777 turns).

Leeroy the Slasher (Draconian Warper)               Turns: 1777, Time: 00:02:55

Health: 0/36       AC:  5    Str: 13    XL:     4   Next: 4%
Magic:  16/16      EV: 12    Int: 14    God:    Ashenzari [*.....]
Gold:   90         SH:  0    Dex: 11    Spells: 7/7 levels left

rFire   . . .      SeeInvis .   a - +0 falchion "All-seeing Incredulity" {Comp, Fort} (curse)
rCold   . . .      Faith    .   (no shield)
rNeg    . . .      Spirit   .   (armour unavailable)
rPois   .          Reflect  .   (helmet restricted)
rElec   .          Harm     .   (no cloak)
rCorr   .          Rampage  .   (no gloves)
Will    .....                   (no boots)
Stlth   +.........              (no amulet)
HPRegen 0.12/turn               d - ring "Shackled Anarchy" {MP+9, Alch, Evo} (curse)
MPRegen 0.15/turn               (no ring)

@: no status effects
A: AC +5, unfitting armour, cold-blooded
a: Renounce Religion, Shatter the Chains


You were on level 2 of the Dungeon.
You worshipped Ashenzari.
Ashenzari was aware of your devotion.
You visited 1 branch of the dungeon, and saw 2 of its levels.

You collected 90 gold pieces.

Inventory:

Hand Weapons
 a - the cursed +0 falchion "All-seeing Incredulity" (weapon) {Comp, Fort}

   It has a curse which improves the following skills: Companions: Summonings
   and Necromancy.
   Fortitude: Shields.
Missiles
 c - 5 boomerangs of dispersal (quivered)
Jewellery
 d - the cursed ring "Shackled Anarchy" (left hand) {MP+9, Alch, Evo}
   (You found it on level 1 of the Dungeon)

   [ring of magical power]

   MP:        It affects your magic capacity (+9).
   It has a curse which improves the following skills: Alchemy: Poison Magic and
   Transmutations.
   Evocations: Evocations.
Scrolls
 b - 2 scrolls of blinking
 h - 2 scrolls of amnesia
Potions
 e - 2 potions of curing
 f - a potion of magic
 g - a potion of flight


   Skills:
 - Level 2.1 Fighting
 + Level 4.3 Long Blades
 - Level 0.8 Throwing
 - Level 2.1 Dodging
 - Level 2.0 Spellcasting
 - Level 3.0 Translocations


You had 7 spell levels left.
You didn't know any spells.
Your spell library contained the following spells:

 Spells                   Type           Power      Damage    Failure   Level
 Blink                    Tloc           N/A        N/A       11%         2
 Gell's Gravitas          Tloc           4%         N/A       21%         3
 Lesser Beckoning         Tloc           4%         N/A       21%         3
 Teleport Other           Tloc           9%         N/A       21%         3
 Manifold Assault         Tloc           9%         N/A       88%         5


Dungeon Overview and Level Annotations

Branches:
Dungeon (2/15)

Altars:
Ashenzari

Annotations:
D:2 1 runed translucent door, Crazy Yiuf, Robin


Innate Abilities, Weirdness & Mutations

Your plain brown scales are hard. (AC +5)
You cannot fit into any form of body armour.
You are cold-blooded and may be slowed by cold attacks.


Message History

You are too injured to fight recklessly!
You are too injured to fight recklessly!
You are too injured to fight recklessly!
You hit Robin.
Robin is moderately wounded.
The goblin barely misses you. The hobgoblin hits you.
The goblin barely misses you.
The goblin hits you with a +0 dagger. x2
* * * LOW HITPOINT WARNING * * *
The hobgoblin closely misses you.
You riposte.
You barely miss the hobgoblin. The hobgoblin barely misses you.
You riposte.
You hit the hobgoblin but do no damage.
The hobgoblin is severely wounded.
Robin throws the goblin at you!
You hit the goblin.
You kill the goblin!
The goblin hits you but does no damage. The hobgoblin closely misses you.
The hobgoblin hits you.
* * * LOW HITPOINT WARNING * * *
The goblin hits you but does no damage. Robin barely misses you.
You riposte.
You hit Robin but do no damage.
Robin is moderately wounded.
The goblin hits you with a +0 club.
* * * LOW HITPOINT WARNING * * *
You barely miss Robin.
Robin is moderately wounded.
The hobgoblin hits you but does no damage.
The hobgoblin hits you.
* * * LOW HITPOINT WARNING * * *
The goblin hits you but does no damage. Robin throws the goblin at you!
The goblin hits you with a +0 dagger.
* * * LOW HITPOINT WARNING * * *
The goblin hits you but does no damage.
You hit Robin but do no damage.
Robin is moderately wounded.
The hobgoblin barely misses you. The hobgoblin closely misses you.
The goblin completely misses you.
Robin roars a battlecry!
The goblins go into a battle-frenzy!
The goblin hits you but does no damage. The goblin hits you with a +0 club.
You die...

... #.#### #.# ### .....
#....###.######### .....
####...#..........
...... #..†###########
...... #...'..........
......####...###########
.......)..........
.......gg#########
#'##..@g# #.ggg# #....#
#....# #....# #....#
...... .......


You could see Robin, 2 hobgoblins and 3 goblins.

Vanquished Creatures
  2 adders (D:2)
  A worm (D:2)
  A dart slug (D:2)
  6 ball pythons
  5 bats
  4 endoplasms
  2 giant cockroaches (D:1)
  7 goblins
  8 hobgoblins
  A quokka (D:1)
  2 frilled lizards
  A kobold (D:1)
40 creatures vanquished.

Notes
Turn   | Place    | Note
-------+----------+-------------------------------------------
     0 | D:1      | Leeroy the Draconian Warper began the quest for the Orb.
     0 | D:1      | Reached XP level 1. HP: 17/17 MP: 3/3
    34 | D:1      | Found a faded altar of an unknown god.
    52 | D:1      | Became a worshipper of Ashenzari the Shackled
   302 | D:1      | Reached XP level 2. HP: 24/24 MP: 5/5
   428 | D:1      | Reached skill level 3 in Long Blades
  1007 | D:2      | Reached XP level 3. HP: 28/29 MP: 6/6
  1062 | D:2      | Reached * piety under Ashenzari
  1259 | D:2      | Found a runed translucent door.
  1260 | D:2      | Noticed Crazy Yiuf
  1636 | D:2      | Reached skill level 4 in Long Blades
  1762 | D:2      | Noticed Robin
  1771 | D:2      | Reached XP level 4. HP: 24/36 MP: 7/7
  1777 | D:2      | Slain by a goblin

Illustrated notes

Levels and vault maps discovered:
D:1:      lightli_arrival_maybe_door_vault, layout_loops_cross,
          shapermc_ecumenical_altar_starsandcircs,
          chequers_serial_rivers_micro_d, minmay_shallow_snake_nest
D:2:      layout_basic, st_stairs_9, uniq_crazy_yiuf_cottage, uniq_robin

Skill      XL: |  1  2  3 |
---------------+----------+-----
Long Blades    | 3 4 |  4.3
Fighting       | |  2.1
Throwing       | |  0.8
Dodging        | |  2.1
Spellcasting   | |  2.0
Translocations | |  3.0

Action                   |  1- 3 |  4- 6 || total
-------------------------+-------+-------++-------
Melee: Falchion          |   108 |     6 ||   114
       Tailslap          |     8 |     1 ||     9
Invok: Curse Item        |     2 |       ||     2
Armor: Skin              |    38 |    13 ||    51
Dodge: Dodged            |    84 |    12 ||    96
       Rpst.: Falchion   |    29 |     4 ||    33

Table legend: (Time is in decaauts)
 A = Elapsed time spent in this place.
 B = Non-inter-level travel time spent in this place.
 C = Inter-level travel time spent in this place.
 D = Time resting spent in this place.
 E = Time spent auto-exploring this place.
 F = Levels seen in this place.
 G = Mean time per level.
                   A        B        C        D        E       F      G
               +--------+--------+--------+--------+--------+-----+--------+
         Total |   1793 |   1764 |     29 |      0 |   1522 |   2 |  896.5 |
       Dungeon |   1793 |   1764 |     29 |      0 |   1522 |   2 |  896.5 |
               +--------+--------+--------+--------+--------+-----+--------+

Top non-repeatable levels by time:
     D:1: 977 daAuts
     D:2: 815 daAuts
